 Dungeon Crawl Stone Soup version 0.21.0-24-g2553a33 (webtiles) character file.

4 Monsterracer the Magician (level 1, 0/12 HPs)
             Began as a Deep Elf Transmuter on Jan 19, 2018.
             Slain by an ooze (2 damage)
             ... on level 1 of the Dungeon.
             The game lasted 00:00:15 (123 turns).

Monsterracer the Magician (Deep Elf Transmuter)      Turns: 123, Time: 00:00:15

Health: 0/12       AC:  2    Str:  7    XL:     1   Next: 50%
Magic:  5/6        EV: 13    Int: 17    God:
Gold:   0          SH:  0    Dex: 15    Spells: 5/6 levels left

rFire    . . .     SeeInvis .     - Unarmed
rCold    . . .     Gourm    .   (no shield)
rNeg     . . .     Faith    .   b - +0 robe
rPois    .         Spirit   .   (no helmet)
rElec    .         Reflect  .   (no cloak)
rCorr    .         Harm     .   (no gloves)
MR       .....                  (boots currently unavailable)
Stlth    +.........             (no amulet)
HPRegen  0.04/turn              (no ring)
MPRegen  0.10/turn              (no ring)

@: appendage
A: talons 3
a: End Transformation


You were on level 1 of the Dungeon.
You were not hungry.
You had grown temporary talons.
You visited 1 branch of the dungeon, and saw 1 of its levels.

Inventory:

Missiles
 a - 12 arrows
Armour
 b - a +0 robe (worn)
Books
 d - a book of Changes

   Spells                             Type                      Level
   a - Beastly Appendage              Transmutation                1
   b - Sticks to Snakes               Transmutation                2
   c - Spider Form                    Transmutation/Poison         3
   d - Ice Form                       Ice/Transmutation            4
   e - Blade Hands                    Transmutation                5
Comestibles
 c - a ration


   Skills:
 * Level 1.1 Fighting
 - Level 2.4 Dodging
 - Level 2.4 Unarmed Combat
 - Level 3.0 Spellcasting
 + Level 2.3 Transmutations


You had 5 spell levels left.
You knew the following spells:

 Your Spells              Type           Power        Failure   Level  Hunger
a - Beastly Appendage     Tmut           ##....       7%          1    None


Dungeon Overview and Level Annotations

Branches:
Dungeon (1/15)

Altars:


Innate Abilities, Weirdness & Mutations

You have claws for feet.


Message History

Press ? for a list of commands and other information.
Found a staircase leading out of the dungeon.
Found an escape hatch in the floor.
Found a stone staircase leading down.
No target in view!
A hobgoblin comes into view. It is wielding a club.
A hobgoblin is nearby!
A hobgoblin is nearby!
The hobgoblin shouts!
A bat comes into view.
You hit the bat.
The bat is severely wounded.
The bat closely misses you.
Casting: Beastly Appendage
Confirm with . or Enter, or press ? or * to list all spells.
You grow a pair of large bovine horns.
The bat completely misses you.
You now have 5/6 mp.
You barely miss the bat.
The bat is severely wounded.
The bat hits you but does no damage. The hobgoblin closely misses you.
You hit the hobgoblin but do no damage. The bat hits you.
You take 1 damage, and have 10/11 hp.
You hit the bat but do no damage.
The bat is severely wounded.
The bat closely misses you. The hobgoblin closely misses you.
You miss the bat.
The bat is severely wounded.
The bat misses you. The hobgoblin hits you with a club.
You take 1 damage, and have 9/11 hp.
You barely miss the bat.
The bat is severely wounded.
The bat hits you but does no damage. The hobgoblin hits you with a club.
You take 1 damage, and have 8/11 hp.
You are too injured to fight recklessly!
You hit the hobgoblin.
The hobgoblin is severely wounded.
The hobgoblin hits you but does no damage.
The bat barely misses you.
You hit the hobgoblin.
You kill the hobgoblin!
The bat completely misses you. The bat closely misses you.
There is an escape hatch in the floor here.
Things that are here:
a club; a hobgoblin corpse You hit the bat.
You kill the bat!
Your Fighting skill increases to level 1!
Magic restored.
Your transformation is almost over.
Your horns disappear.
HP restored.
A hobgoblin comes into view. It is wielding a club.
The hobgoblin shouts!
A hobgoblin is nearby!
Health restored: 12; MP restored: 6 A hobgoblin is nearby!
A hobgoblin is nearby!
A kobold comes into view. It is wielding a dagger.
An ooze comes into view.
The kobold shouts!
The hobgoblin hits you with a club.
You take 3 damage, and have 9/12 hp.
MASSIVE DAMAGE!!
Casting: Beastly Appendage
Confirm with . or Enter, or press ? or * to list all spells.
You grow a pair of large bovine horns.
The hobgoblin hits you with a club. The kobold barely misses you.
You take 2 damage, and have 7/12 hp.
You now have 5/6 mp.
You are too injured to fight recklessly!
Your transformation is almost over.
You hit the hobgoblin.
The hobgoblin is moderately wounded.
The hobgoblin closely misses you.
You hit the hobgoblin but do no damage.
The hobgoblin is moderately wounded.
The hobgoblin completely misses you.
You hit the hobgoblin.
You kill the hobgoblin!
You hit the kobold.
You kill the kobold!
The ooze misses you.
Things that are here:
a dagger; 3 stones; a club You barely miss the ooze.
The ooze hits you.
* * * LOW HITPOINT WARNING * * *
You take 4 damage, and have 3/12 hp.
MASSIVE DAMAGE!!
MP restored: 6 You hit the ooze but do no damage.
You headbutt the ooze.
The ooze is moderately wounded.
The ooze hits you but does no damage.
You hit the ooze. You punch the ooze.
The ooze is heavily wounded.
Your horns disappear.
The ooze hits you.
* * * LOW HITPOINT WARNING * * *
You take 1 damage, and have 2/12 hp.
Casting: Beastly Appendage
Confirm with . or Enter, or press ? or * to list all spells.
Your feet morph into talons.
The ooze hits you.
You die...

#...# #.## #.#.# #..# #.#
#...# ##.# #.# #.#.# #.#
#.# #...# #.# #.#
#.#.####.### #.# #
#...#......# #.###.##.
#.>.###....#######........
#...#...........@J........
>..#.##....##########...##
..##.###...# ## .# #.#
##..# # #.# #..# #.. ...#
### ##.## #.


You could see an ooze.

Vanquished Creatures
  2 hobgoblins (D:1)
  A bat (D:1)
  A kobold (D:1)
4 creatures vanquished.

Notes
Turn   | Place    | Note
-------+----------+-------------------------------------------
     0 | D:1      | Monsterracer the Deep Elf Transmuter began the quest for the Orb.
     0 | D:1      | Reached XP level 1. HP: 11/11 MP: 6/6
    20 | D:1      | Reached skill level 1 in Fighting
   120 | D:1      | HP: 3/12 [ooze (4)]
   123 | D:1      | Slain by an ooze

Skill      XL: |  1 |
---------------+----+-----
Fighting       | 1 |  1.1
Dodging        | |  2.4
Unarmed Combat | |  2.4
Spellcasting   | |  3.0
Transmutations | |  2.3

Action                   || total
-------------------------++-------
Melee: Unarmed           ||    16
       Headbutt          ||     1
       Punch             ||     1
 Cast: Beastly Appendage ||     3
Armor: Robe              ||     3
Dodge: Dodged            ||    13

Vault maps used:
D:1:      lemuel_arrival_hallway, minmay_tree_intersection
